 Dungeon Crawl Stone Soup version 0.24.0-13-gcf9b3192b9 (webtiles) character file.

Game seed: 7554644445556306305, levelgen mode: deterministic

373 Briareos the Conjurer (level 6, -3/48 HPs)
             Began as a Draconian Conjurer on Oct 31, 2019.
             Was an Initiate of Nemelex Xobeh.
             Slain by Hawk2021's ghost (5 damage)
             ... on level 4 of the Dungeon on Nov 7, 2019.
             The game lasted 00:38:31 (4352 turns).

Briareos the Conjurer (Draconian Conjurer)          Turns: 4352, Time: 00:38:31

Health: -3/48      AC:  6    Str: 10    XL:     6   Next: 43%
Magic:  1/19       EV: 12    Int: 18    God:    Nemelex Xobeh [......]
Gold:   127        SH:  0    Dex: 11    Spells: 3/10 levels left

rFire    . . .     SeeInvis .   d - +1 hunting sling (flame)
rCold    . . .     Gourm    .   (no shield)
rNeg     . . .     Faith    .   (armour unavailable)
rPois    .         Spirit   .   (helmet restricted)
rElec    .         Reflect  .   (no cloak)
rCorr    .         Harm     .   (no gloves)
MR       .....                  (no boots)
Stlth    ++........             (no amulet)
HPRegen  0.16/turn              q - ring of magical power
MPRegen  0.16/turn              (no ring)

@: very slightly contaminated
A: unfitting armour, cold-blooded, AC +6
a: Draw Escape, Draw Destruction, Draw Summoning, Renounce Religion


You were on level 4 of the Dungeon.
You worshipped Nemelex Xobeh.
Nemelex Xobeh was noncommittal.
You were hungry.

You visited 1 branch of the dungeon, and saw 4 of its levels.

You collected 127 gold pieces.

Inventory:

Hand Weapons
 a - a +0 dagger
 c - a +0 dagger
 d - a +1 hunting sling of flaming (weapon)
 k - a +0 hunting sling
 l - a +0 spear
 o - a +0 dagger
 p - a +0 dagger
 r - a +0 hand axe
 s - a +0 dagger
 u - a +0 war axe
 y - a +0 hand axe
 z - a +0 short sword
 B - a +0 trident
 E - a +0 hand axe
 G - a +0 dagger
 K - a +1 mace of venom
Missiles
 e - 26 sling bullets (quivered)
 g - 84 stones
 h - 42 bolts
 v - 28 arrows
 L - a throwing net
Armour
 x - a +0 robe
 A - a +0 leather armour of fire resistance
 C - a +0 animal skin
 D - a +0 helmet
Magical Staves
 N - an uncursed staff of conjuration {unknown}
Jewellery
 n - the ring of the Scarab {rPois Str+5 Int-2 Dex+5, unknown}
   (You found it on level 4 of the Dungeon)

   [ring of poison resistance]

   It affects your strength (+5).
   It affects your intelligence (-2).
   It affects your dexterity (+5).
   It protects you from poison.
 q - a ring of magical power (left hand)
 F - a cursed amulet of inaccuracy {unknown}
Scrolls
 m - a scroll of identify
 I - 3 scrolls of teleportation
 M - a scroll of remove curse
Potions
 f - a potion of cancellation {unknown}
 i - a potion of might
 j - a potion of mutation {unknown}
 w - 3 potions of berserk rage
 H - a potion of brilliance {unknown}
 J - a potion of heal wounds
Comestibles
 b - 8 rations


   Skills:
 + Level 2.3 Fighting
 + Level 3.7 Slings
 + Level 0.3(2.2) Throwing
 + Level 2.3 Dodging
 + Level 2.3 Stealth
 + Level 2.9 Spellcasting
 + Level 4.7 Conjurations


You had 3 spell levels left.
You knew the following spells:

 Your Spells              Type           Power        Failure   Level  Hunger
a - Magic Dart            Conj           ###.         2%          1    None
b - Searing Ray           Conj           ###...       3%          2    ##.....
c - Force Lance           Conj/Tloc      ##......     52%         4    ####...

Your spell library contained the following spells:

 Spells                   Type           Power        Failure   Level  Hunger
 Beastly Appendage        Tmut           #.....       17%         1    None
 Dazzling Spray           Conj/Hex       ##....       19%         3    ###....
 Sticks to Snakes         Tmut           #.......     26%         2    ##.....
 Spider Form              Tmut/Pois      #.........   45%         3    ###....
 Iskenderun's Mystic Bla  Conj           ###.....     22%         4    ####...
 Fulminant Prism          Conj/Hex       ##........   52%         4    ####...
 Ice Form                 Ice/Tmut       #.......     86%         4    ####...
 Blade Hands              Tmut           #.........   99%         5    ######.


Dungeon Overview and Level Annotations

Branches:
Dungeon (4/15)
 Temple: D:4-7

Altars:
Cheibriados
Dithmenos
Gozag
Nemelex Xobeh
Qazlal

Annotations:
D:3 1 runed translucent door, mitkoXXVII's ghost, amateur OgCK
D:4 Hawk2021's ghost, amateur GnSk


Innate Abilities, Weirdness & Mutations

Your plain brown scales are hard. (AC +6)
You cannot fit into any form of body armour.
You are cold-blooded and may be slowed by cold attacks.


Message History

Hawk2021's ghost hits you.
Casting: Magic Dart (safe; 2% risk of failure)
Confirm with . or Enter, or press ? or * to list all spells.
The spell is very dangerous to cast (52% risk of failure)!
Continue anyway?
Aiming: Force Lance (very dangerous; 52% risk of failure)
Press: ? - help, Shift-Dir - straight line, f/p - ogre
Aim: an ogre, wielding the +8 dire flail of Charity {crush, rC+ Int+6} (moderately wounded)
The lance of force hits Hawk2021's ghost.
Hawk2021's ghost is moderately damaged.
Hawk2021's ghost is knocked back by the lance of force.
You are feeling hungry.
Hawk2021's ghost hits you.
* * * LOW HITPOINT WARNING * * *
There is a transporter here.
You enter the transporter and appear at another place.
Hawk2021's ghost hits you!
* * * LOW HITPOINT WARNING * * *
Hawk2021's ghost hits you.
You die...
Your body disappears without a glow.

.>....)..... ##
###....#.... ..
#.###..### #. #.##..## #
####.# ..#..## #
#.....##.##.## # #.#
#..#.##.# # ##.##
#...##.#
######.@.###..###.######
#.)...©W©.........##....
#################.>..###
##§....($....#........#
#.O##...##..########.#
#.#..#.#..#.#.# #.#
#.#..#.#..#.#.#### #.##
#..##...##..#....# #..#
#....?©.....####.####.#


You could see an ogre and Hawk2021's ghost.

Vanquished Creatures
  An ogre (D:4)
  A hound (D:4)
  Jessica (D:2)
  Robin (D:3)
  3 gnolls (D:3)
  4 adders
  An adder skeleton (D:4)
  2 worms
  2 dart slugs (D:2)
  4 leopard geckos
  7 orcs (D:3)
  2 ball pythons
  2 giant cockroaches
  16 goblins
  6 hobgoblins
  4 jackals (D:1)
  7 bats
  7 kobolds
  A quokka skeleton (D:4)
  8 rats
80 creatures vanquished.

Vanquished Creatures (collateral kills)
  Blork the orc (D:4)
  4 gnolls (D:4)
  A leopard gecko (D:4)
  2 jackals (D:4)
8 creatures vanquished.

Grand Total: 88 creatures vanquished

Notes
Turn   | Place    | Note
-------+----------+-------------------------------------------
     0 | D:1      | Briareos the Draconian Conjurer began the quest for the
                  | Orb.
     0 | D:1      | Reached XP level 1. HP: 14/14 MP: 3/3
   129 | D:1      | Reached XP level 2. HP: 17/20 MP: 0/5
   133 | D:1      | Learned a level 2 spell: Searing Ray
   716 | D:1      | Reached skill level 1 in Slings
  1338 | D:2      | Reached XP level 3. HP: 27/27 MP: 4/6
  1736 | D:2      | Found an opulent altar of Gozag.
  1737 | D:2      | Found a snail-covered altar of Cheibriados.
  1743 | D:2      | Noticed Jessica
  1778 | D:2      | Killed Jessica
  1778 | D:2      | Reached XP level 4. HP: 34/34 MP: 7/7
  2234 | D:2      | Learned a level 4 spell: Force Lance
  2556 | D:3      | Found a stormy altar of Qazlal.
  2576 | D:3      | Upgraded the game from 0.24.0-2-g5b39cebb1c to
                  | 0.24.0-13-gcf9b3192b9
  2635 | D:3      | Noticed Robin
  2687 | D:3      | Killed Robin
  2754 | D:3      | Reached skill level 1 in Fighting
  2799 | D:3      | Reached XP level 5. HP: 37/40 MP: 8/8
  3514 | D:3      | Found a shadowy altar of Dithmenos.
  3562 | D:3      | Noticed mitkoXXVII's ghost (amateur OgCK)
  3563 | D:3      | Found a runed translucent door.
  3827 | D:3      | Found a sparkling altar of Nemelex Xobeh.
  3835 | D:3      | Became a worshipper of Nemelex Xobeh the Trickster
  3860 | D:4      | Received a gift from Nemelex Xobeh
  3876 | D:4      | Got a twitching glass ring
  3941 | D:4      | Noticed Blork the orc
  3949 | D:4      | Killed Blork the orc
  3949 | D:4      | Reached XP level 6. HP: 30/48 MP: 10/10
  4188 | D:4      | Found a transporter.
  4188 | D:4      | Identified the +8 dire flail of Charity {crush, rC+ Int+6}
  4189 | D:4      | Noticed Hawk2021's ghost (amateur GnSk)
  4194 | D:4      | Found a transporter.
  4351 | D:4      | HP: 2/48 [Hawk2021's ghost (9)]
  4352 | D:4      | Slain by Hawk2021's ghost

Levels and vault maps discovered:
D:1:      dpeg_arrival_simpleton_c, layout_basic, serial_forest,
          infiniplex_forest_lined_2, infiniplex_forest_clump_long,
          infiniplex_forest_end_2, infiniplex_forest_clump_long,
          infiniplex_forest_clump_small, infiniplex_forest_end_double,
          infiniplex_forest_join, infiniplex_forest_clump_C,
          infiniplex_forest_lined_3, infiniplex_forest_lined_room_2
D:2:      layout_loops_corners, grunt_temple_overflow_open,
          chequers_serial_rivers_micro_b, grunt_decor_cap, item_on_display_a,
          uniq_crazy_yiuf_cottage, uniq_jessica
D:3:      layout_basic, lemuel_round_altar, nicolae_qazlal_general_emergency,
          hellmonk_ghost_happy_afterlife, nemelex_xobeh_ov_fountains_minmay,
          uniq_robin
D:4:      layout_rooms, gammafunk_ghost_smash, corexii_checkpoint_a,
          eino_small_chamber_without_monster, uniq_blork_the_orc

Skill      XL: |  1  2  3  4  5 |
---------------+----------------+-----
Slings         | 1 2 3 |  3.7
Dodging        | 2 |  2.3
Stealth        | 2 |  2.3
Fighting       | 1 2 |  2.3
Throwing       | |  0.3
Spellcasting   | |  2.9
Conjurations   | |  4.7

Action                   |  1- 3 |  4- 6 || total
-------------------------+-------+-------++-------
Melee: Unarmed           |    43 |       ||    43
       Tailslap          |    32 |       ||    32
       Hand axe          |    92 |       ||    92
       Dagger            |    12 |       ||    12
 Fire: Hunting sling     |    45 |    91 ||   136
Throw: Stone             |    13 |       ||    13
 Cast: Magic Dart        |    34 |    91 ||   125
       Searing Ray       |     1 |     1 ||     2
       Force Lance       |       |     3 ||     3
 Abil: Draw Destruction  |       |     2 ||     2
       Draw Summoning    |       |     1 ||     1
  Use: Scroll            |     4 |     7 ||    11
       Potion            |     1 |     1 ||     2
  Eat: Ration            |     1 |       ||     1
       Chunk             |       |     9 ||     9
Armor: Skin              |    13 |    20 ||    33
Dodge: Dodged            |    35 |    67 ||   102
